AoeStats
← christian27785

MegaRandom

505656280Analyzed
4v4 RM · 22d ago on Sep 10, 2026· 63m 33s· 8 players
Game mode
Random Map
Map size
Large (8 player)
Population
200
Speed
Normal
Resources
Standard
Victory
Conquest
Starting age
Dark Age
Ending age
Imperial Age
RankedLock teamsTeams togetherTeam positionsShared explorationLock speedFull tech treeHidden civsTurbo modeCheats
Victory
Defeat
🇨🇿 Chinese · Czechia
788
+14
🇨🇳 Franks · China
733
+16
🇩🇪 Cumans · Germany
733
+19
🇹🇷 Wu · Türkiye
696
+18
🇨🇳 Mongols · China
822
-19
🇮🇳 Franks · India
755
-17
🇧🇷 Spanish · Brazil
733
-16
🇹🇷 Saracens · Türkiye
643
-12
christian27785
12:17 Feudal Age
12:45 Double-Bit Axe
25:21 Castle Age
26:16 Wheelbarrow
25:27 Town Watch
30:14 Bow Saw
37:06 Imperial Age
34:53 Bloodlines
37:17 Gold Mining
37:58 Stone Mining
39:10 Cuman Mercenaries
39:31 Conscription
40:32 Steppe Husbandry
40:16 Cavalier
PanPixu
0:37 Loom
13:45 Feudal Age
16:10 Double-Bit Axe
19:11 Castle Age
17:19 Horse Collar
19:14 Wheelbarrow
19:10 Fletching
20:26 Bow Saw
20:21 Heavy Plow
20:20 Bodkin Arrow
20:26 Padded Archer Armor
21:02 Gold Mining
21:04 Stone Mining
20:55 Crossbowman
23:41 Thumb Ring
23:56 Leather Archer Armor
26:54 Ballistics
32:04 Imperial Age
31:00 Caravan
33:14 Arbalester
35:03 Chemistry
34:06 Bracer
34:36 Ring Archer Armor
34:40 Hand Cart
34:13 Town Watch
36:17 Conscription
38:11 Two-Man Saw
37:59 Gold Shaft Mining
Poexs
12:20 Feudal Age
15:54 Town Watch
16:45 Wheelbarrow
15:59 Double-Bit Axe
16:00 Horse Collar
20:47 Loom
21:35 Gold Mining
26:13 Castle Age
26:20 Stone Mining
27:23 Bow Saw
27:16 Heavy Plow
31:48 Stone Shaft Mining
32:03 Gold Shaft Mining
34:18 Medium Warships
35:04 Husbandry
35:14 Bloodlines
38:53 Imperial Age
38:32 Padded Archer Armor
38:23 Fletching
38:35 Scale Mail Armor
39:04 Ballistics
39:44 Bodkin Arrow
40:05 Leather Archer Armor
40:52 Conscription
39:52 Elite Fire Archer
42:03 Two-Man Saw
42:26 Chemistry
41:39 Squires
41:00 Pikeman
41:27 Arson
42:55 Chain Mail Armor
42:40 Bracer
42:51 Forging
42:51 Halberdier
49:07 Plate Mail Armor
49:13 Iron Casting
52:37 Blast Furnace
54:57 Elite Skirmisher
56:58 Heavy Hei Guang Cavalry
1961861699
5:15 Loom
13:29 Feudal Age
15:41 Double-Bit Axe
18:40 Castle Age
17:43 Fishing Lines
18:54 Gold Mining
21:24 Bow Saw
21:57 Gillnets
32:19 #83
36:44 Imperial Age
36:45 Wheelbarrow
36:45 Forging
36:43 Scale Barding Armor
37:49 Gold Shaft Mining
37:58 Conscription
37:40 Chivalry
37:45 Husbandry
37:31 Cavalier
41:36 Hand Cart
45:10 Paladin
46:13 Chain Barding Armor
46:28 Iron Casting
48:08 Plate Barding Armor
47:30 Stone Mining
48:58 Caravan
55:45 Blast Furnace
gokhandg100
KT_YA
12:12 Feudal Age
14:35 Loom
19:59 Castle Age
17:48 Double-Bit Axe
17:46 Horse Collar
18:37 Stone Mining
23:18 Bow Saw
24:25 Stone Shaft Mining
28:44 Heavy Plow
28:39 Gold Mining
34:17 Imperial Age
33:01 Bloodlines
32:52 Husbandry
33:15 Ballistics
33:09 Fletching
33:20 Padded Archer Armor
33:25 Scale Barding Armor
35:51 Conscription
35:32 Bodkin Arrow
35:52 Leather Archer Armor
36:18 Masonry
36:49 Bracer
38:11 Chemistry
38:14 Wheelbarrow
37:24 Capped Ram
39:30 Drill
39:31 Siege Engineers
40:17 Hand Cart
41:18 Elite Mangudai
43:02 Forging
42:52 Scale Mail Armor
42:58 Scale Barding Armor
45:35 Hoardings
51:14 Gold Shaft Mining
50:07 Siege Ram
51:20 Light Cavalry
Asmo
14:35 Feudal Age
12:55 Loom
20:52 Castle Age
20:17 Double-Bit Axe
27:35 Stone Mining
27:38 Gold Mining
28:13 Scale Barding Armor
28:19 Forging
30:52 Husbandry
34:33 Bow Saw
38:33 Gold Shaft Mining
39:17 Murder Holes
39:47 Ballistics
44:58 Imperial Age
50:37 Caravan
51:50 Cavalier
52:00 Cavalier
56:22 Paladin
59:35 Chain Barding Armor
59:51 Iron Casting
60:55 Plate Barding Armor
Caduzera
11:14 Feudal Age
12:24 Double-Bit Axe
14:41 Gold Mining
20:43 Castle Age
18:42 Stone Mining
22:09 Wheelbarrow
23:20 Bow Saw
33:14 Padded Archer Armor
33:04 Fletching
38:18 Leather Archer Armor
37:59 Bodkin Arrow
43:38 Ballistics
49:02 Forging
48:58 Scale Barding Armor
Connection lost

Rejoining the realm…

Still unreachable

The connection could not be restored.

Session expired

The server has moved on; the page needs a fresh start.